Map: Odyssey LE

Players

SCVRUSH

  • Race: Protoss Protoss
  • League: Diamond
  • Spawn Location: 5:00

Puffbunny - Winner!

  • Race: Zerg Zerg
  • League: Diamond
  • Spawn Location: 11:00

VOD

Have the link to the VOD?

Description

Time

  • Played on: Nov. 10, 2017, 10:03 p.m.
  • Length: 16:29
Show
View Real Time Build Order
Export as new Build Order

SCVRUSH Protoss 

Build Orders: 1 Gate Expand, Zealot Archon, Dark Templar Rush 

Get SALT Encoding   

  12  0:00  Probe (Chrono Boost)  
  13  0:11  Probe (Chrono Boost)  
  14  0:20  Pylon  
  14  0:24  Probe (Chrono Boost)  
  15  0:38  Probe (Chrono Boost)  
  15  0:42  Gateway  
  16  0:45  Assimilator  
  16  0:48  Probe (Chrono Boost)  
  17  1:03  Probe (Chrono Boost)  
  18  1:13  Probe (Chrono Boost)  
  19  1:27  Nexus  
  19  1:39  Cybernetics Core  
  19  1:52  Pylon  
  19  1:57  Probe (Chrono Boost)  
  19  1:59  Assimilator  
  20  2:07  Probe (Chrono Boost)  
  21  2:17  Warp Gate  
  21  2:18  Adept, Probe (Chrono Boost)  
  24  2:29  Mothership Core (Chrono Boost)  
  26  2:40  Probe (Chrono Boost)  
  26  2:47  Probe (Chrono Boost)  
  26  2:48  Twilight Council  
  26  2:50  Probe (Chrono Boost)  
  28  2:56  Stalker (Chrono Boost), Probe (Chrono Boost)  
  31  3:05  Pylon  
  31  3:08  Probe  
  31  3:09  Probe  
  33  3:22  Robotics Facility  
  33  3:31  Probe  
  33  3:32  Pylon  
  33  3:33  Probe  
  35  3:42  Probe  
  35  3:45  Probe  
  37  3:50  Dark Shrine  
  37  3:52  Probe  
  37  3:54  Gateway  
  38  4:01  Gateway  
  38  4:09  Gateway  
  38  4:12  Pylon  
  38  4:18  Observer  
  39  4:28  Gateway  
  39  4:31  Gateway  
  39  4:35  Gateway  
  39  4:40  Forge  
  39  4:43  Stalker  
  41  4:59  Zealot x2  
  45  5:02  Charge  
  45  5:03  Warp Prism  
  47  5:13  Protoss Ground Weapons Level 1 (Chrono Boost)  
  47  5:20  Dark Templar  
  47  5:21  Dark Templar  
  51  5:22  Probe x2  
  51  5:25  Assimilator  
  53  5:34  Probe x2  
  55  5:46  Probe x2  
  57  5:56  Zealot  
  57  5:57  Zealot x2  
  61  5:58  Zealot x2  
  61  5:59  Dark Templar  
  69  6:10  Archon  
  69  6:31  Pylon  
  69  6:33  Pylon  
  69  6:34  Pylon  
  69  6:37  Forge  
  69  6:42  Pylon  
  69  6:43  Probe  
  69  6:44  Pylon  
  70  6:50  Zealot x2, Assimilator  
  70  6:51  Zealot x4  
  70  6:53  Zealot  
  74  7:12  Zealot x4  
  74  7:13  Zealot x2  
  74  7:35  Zealot  
  74  7:36  Zealot x3  
  74  7:37  Stalker x3  
  84  7:55  Dark Templar  
  84  8:01  Archon  
  84  8:02  Zealot x2  
  84  8:03  Zealot x2  
  84  8:04  Stalker  
  92  8:23  Protoss Ground Weapons Level 2 (Chrono Boost)  
  92  8:25  Protoss Ground Armor Level 1 (Chrono Boost)  
  92  8:31  Robotics Bay  
  92  8:53  Zealot x4  
  92  8:54  Zealot  
  102  9:05  Nexus  
  102  9:09  Pylon  
  102  9:10  Pylon  
  102  9:12  Pylon  
  102  9:14  Pylon  
  102  9:23  Extended Thermal Lance (Chrono Boost)  
  102  9:29  Colossus  
  108  9:34  Photon Cannon  
  108  9:36  Photon Cannon  
  108  9:41  Photon Cannon  
  108  9:55  Dark Templar x2  
  108  9:57  Sentry  
  114  10:00  Archon  
  114  10:14  Zealot  
  114  10:15  Zealot x3  
  122  10:23  Probe  
  122  10:24  Probe x2  
  125  10:32  Colossus (Chrono Boost)  
  125  10:33  Probe  
  126  10:36  Probe  
  133  10:49  Protoss Ground Weapons Level 3 (Chrono Boost)  
  133  10:53  Assimilator, Probe  
  133  10:55  Probe x2  
  133  10:56  Assimilator  
  136  11:04  Probe  
  136  11:07  Probe x2  
  139  11:11  Robotics Facility  
  139  11:21  Colossus (Chrono Boost)  
  145  11:49  Protoss Ground Armor Level 2 (Chrono Boost)  
  145  12:02  Pylon, Immortal (Chrono Boost)  
  145  12:04  Pylon  
  145  12:06  Pylon  
  149  12:15  Immortal (Chrono Boost)  
  153  12:25  Nexus  
  153  12:28  Pylon  
  153  12:29  Pylon  
  153  12:31  Pylon  
  153  12:33  Pylon  
  153  12:37  Assimilator  
  153  12:39  Assimilator  
  130  12:59  Zealot x3  
  134  13:26  Gateway x2  
  134  13:28  Probe x3  
  134  13:29  Gateway  
  134  13:31  Gateway  
  134  13:32  Gateway  
  137  13:36  Gateway  
  137  13:38  Dark Templar x3  
  137  13:39  Gateway, Dark Templar  
  137  13:40  Probe  
  146  13:42  Archon  
  146  13:43  Archon  
  146  13:51  Zealot x3  
  146  13:54  Warp Prism (Chrono Boost)  
  154  14:18  Observer (Chrono Boost)  
  155  14:25  Observer (Chrono Boost)  
  156  14:31  Probe  
  156  14:37  Zealot  
  156  14:38  Zealot x5  
  165  14:39  Zealot x6  
  165  14:42  Probe  
  134  15:35  Stalker x7  
  126  15:36  Stalker x6  
  140  16:00  Zealot x3  
  140  16:01  Zealot x3  
  140  16:02  Zealot x3  
  140  16:03  Zealot x2  
  108  16:24  Stalker x3  
  108  16:25  Stalker  
Show
View Real Time Build Order
Export as new Build Order

Puffbunny Zerg - Winner!

Build Orders: Hatch First 

Get SALT Encoding   

  12  0:01  Drone  
  13  0:13  Overlord  
  13  0:16  Drone  
  14  0:32  Drone x2  
  16  0:37  Drone  
  17  0:54  Hatchery  
  16  1:10  Spawning Pool, Drone  
  16  1:15  Drone  
  16  1:16  Extractor  
  16  1:31  Overlord  
  16  1:36  Drone  
  17  1:57  Queen  
  17  1:58  Zergling x4  
  21  2:06  Queen  
  23  2:09  Drone  
  24  2:19  Metabolic Boost  
  24  2:27  Overlord  
  24  2:29  Drone  
  26  2:30  Drone x2  
  27  2:47  Queen  
  27  2:48  Queen  
  27  2:51  Drone  
  32  2:58  Drone x3  
  35  3:10  Overlord  
  35  3:11  Drone x2  
  35  3:12  Drone  
  38  3:23  Evolution Chamber  
  38  3:24  Drone x4  
  38  3:25  Drone  
  42  3:41  Drone x2  
  42  3:42  Drone  
  42  3:44  Extractor, Overlord  
  44  3:52  Hatchery  
  43  4:01  Baneling Nest  
  42  4:04  Extractor  
  42  4:05  Extractor, Overlord  
  42  4:06  Drone x3  
  43  4:12  Drone  
  43  4:13  Drone x2  
  43  4:16  Overlord  
  46  4:18  Drone  
  47  4:28  Drone x2  
  49  4:40  Drone  
  49  4:41  Drone x4  
  49  4:44  Drone  
  49  4:45  Drone  
  56  4:47  Zerg Melee Weapons Level 1  
  56  4:48  Lair  
  56  4:51  Drone  
  56  4:52  Drone  
  58  5:03  Overlord x2  
  58  5:14  Overlord x2  
  58  5:16  Evolution Chamber, Zergling x8  
  61  5:27  Drone x5  
  66  5:29  Spine Crawler  
  66  5:31  Zergling x4  
  67  5:36  Drone x3  
  67  5:37  Drone  
  67  5:42  Zerg Missile Weapons Level 1  
  71  5:47  Drone x4  
  75  5:52  Baneling x2  
  74  6:10  Centrifical Hooks  
  74  6:13  Hydralisk Den  
  74  6:14  Overseer  
  74  6:16  Zergling x22  
  84  6:21  Drone, Extractor  
  84  6:39  Baneling x4  
  84  6:42  Zergling x10  
  84  6:43  Zergling x12  
  95  6:48  Spine Crawler  
  95  6:49  Spine Crawler  
  95  6:50  Spine Crawler, Hydralisk x2  
  96  6:55  Spine Crawler  
  96  6:58  Muscular Augments, Spine Crawler, Hydralisk x4  
  102  7:08  Hydralisk x4  
  89  7:12  Hydralisk  
  84  7:17  Zergling x10  
  89  7:23  Hydralisk  
  89  7:24  Hydralisk  
  95  7:34  Hydralisk x2  
  95  7:35  Hydralisk x3  
  105  7:38  Zerg Missile Weapons Level 2, Zerg Melee Weapons Level 2  
  104  7:53  Baneling x2  
  104  7:54  Baneling x6  
  104  7:57  Zergling x2  
  104  7:58  Overlord x4  
  105  7:59  Overlord  
  105  8:02  Extractor  
  104  8:17  Hydralisk x6  
  104  8:18  Hydralisk  
  118  8:20  Zergling x6  
  121  8:40  Drone x12  
  133  8:58  Drone x5  
  133  8:59  Overlord  
  133  9:00  Overlord  
  138  9:03  Hatchery  
  137  9:13  Overlord x2  
  137  9:14  Overlord x2  
  137  9:15  Overseer  
  137  9:36  Extractor  
  136  9:39  Infestation Pit  
  136  9:40  Extractor  
  134  9:49  Hydralisk  
  134  9:50  Hydralisk x12  
  161  9:52  Zergling x2  
  160  10:00  Zerg Ground Armor Level 1  
  160  10:06  Evolution Chamber  
  159  10:18  Baneling x3  
  159  10:19  Baneling x2  
  159  10:20  Baneling  
  159  10:22  Pathogen Glands, Hive  
  159  10:30  Drone x4  
  159  10:31  Drone  
  159  10:32  Overlord x3  
  159  10:34  Hydralisk x2  
  168  10:53  Zergling x20  
  168  10:54  Zergling x10  
  183  11:08  Infestor x6  
  195  11:20  Baneling  
  195  11:21  Baneling x7  
  195  11:22  Baneling x3  
  194  11:36  Spire  
  194  11:39  Hatchery  
  191  11:52  Zerg Missile Weapons Level 3, Zerg Melee Weapons Level 3  
  191  11:53  Hatchery  
  190  12:00  Spire, Zerg Ground Armor Level 2  
  189  12:16  Baneling x5  
  189  12:17  Baneling x5  
  189  12:18  Baneling x4  
  189  12:19  Baneling  
  189  12:28  Extractor  
  188  12:30  Drone x7, Extractor  
  188  12:31  Drone  
  195  12:51  Greater Spire  
  188  12:59  Corruptor x4  
  188  13:00  Corruptor x2  
  199  13:06  Spore Crawler  
  199  13:07  Spine Crawler  
  199  13:09  Spine Crawler  
  199  13:10  Spine Crawler  
  195  13:14  Zerg Flyer Weapons Level 1  
  195  13:17  Adrenal Glands  
  195  13:47  Extractor  
  194  13:48  Spore Crawler  
  194  13:50  Spine Crawler  
  194  13:52  Drone  
  194  13:53  Drone x5  
  198  14:39  Corruptor  
  200  14:55  Corruptor  
  200  14:56  Corruptor x3  
  200  14:58  Brood Lord x2  
  151  15:31  Corruptor  
  151  15:32  Corruptor x2  
  149  15:39  Brood Lord x5  
  149  15:40  Brood Lord  
  149  15:41  Brood Lord x2  
  149  15:42  Brood Lord  
  167  15:43  Corruptor x6  
  167  15:45  Hydralisk x6  
  167  15:46  Hydralisk  
  167  15:47  Zergling x2  
  167  15:48  Zergling x4  
Tags
 
Add a new tag
Caveats
  • Supply blocks, unpowered buildings, or Contaminate may cause inaccurate times.
  • Supply counts are checked every 10 seconds.